 Dungeon Crawl Stone Soup version bcrawl-1.23.3-19-gdc5968f444 (webtiles) character file.

Game seed: 84759774349576448

182 Freyura the Magician (level 5, 0/35 HPs)
             Began as a Demonspawn Wizard on June 8, 2020.
             Was an Initiate of Sif Muna.
             Slain by a big kobold
             ... wielding a +4 dagger of distortion
              (3 damage)
             ... on level 3 of the Dungeon.
             The game lasted 00:14:49 (2687 turns).

Freyura the Magician (Demonspawn Wizard)            Turns: 2687, Time: 00:14:50

Health: 0/35       AC: 12    Str: 13    XL:     5   Next: 35%
Magic:  11/11      EV: 19    Int: 20    God:    Sif Muna [......]
Gold:   166        SH:  0    Dex: 11    Spells: 9/12 levels left

rFire    . . .     SeeInvis .   (weapon currently unavailable)
rCold    . . .     Gourm    .   (shield currently unavailable)
rNeg     + + +     Faith    .   (armour currently unavailable)
rPois    +         Spirit   .   (helmet currently unavailable)
rElec    .         Reflect  .   (cloak currently unavailable)
rCorr    .         Harm     .   (gloves currently unavailable)
MR       .....                  (boots currently unavailable)
Stlth    ++........             (no amulet)
HPRegen  0.11/turn              p - +6 ring of slaying
MPRegen  0.12/turn              (no ring)

@: mighty, fungus-form (expiring)
A: tiny
a: Divine Energy, Renounce Religion


You were on level 3 of the Dungeon.
You worshipped Sif Muna.
Sif Muna was noncommittal.
You were not hungry.
You were a sentient fungus.
You visited 1 branch of the dungeon, and saw 3 of its levels.

You collected 166 gold pieces.

Inventory:

Hand Weapons
 a - a +0 staff
 d - a +1 dagger of protection
 q - a +1 rapier (melded)
Missiles
 g - a throwing net (quivered) {!f}
Armour
 b - a +0 robe (melded)
 c - a +0 hat (melded)
 o - a +0 pair of boots (melded)
 u - a +0 pair of gloves (melded)
Jewellery
 p - a +6 ring of slaying (left hypha)
Wands
 s - a wand of digging (8)
Scrolls
 h - 4 scrolls of remove curse
Potions
 f - a potion of brilliance
 k - 3 potions of invisibility
 m - a potion of magic
 n - a potion of curing
 r - a potion of heal wounds {unknown}
 t - a potion of degeneration {unknown}
Comestibles
 e - 4 rations {!d}


   Skills:
 + Level 2.7 Dodging
 + Level 3.0 Stealth
 * Level 4.2 Spellcasting
 + Level 2.3 Conjurations
 - Level 1.0 Summonings
   Level 0.8 Translocations


You had 9 spell levels left.
You knew the following spells:

 Your Spells              Type           Power        Failure   Level  Hunger
a - Magic Dart            Conj           ##..         4%          1    None
b - Call Imp              Summ           #.....       13%         2    #......

Your spell library contained the following spells:

 Spells                   Type           Power        Failure   Level  Hunger
 Blink                    Tloc           N/A          13%         2    #......
 Conjure Flame            Conj/Fire      #.......     22%         3    ###....
 Mephitic Cloud           Conj/Pois/Air  #.......     26%         3    ###....
 Spider Form              Tmut/Pois      #..          36%         3    ###....


Dungeon Overview and Level Annotations

Branches:
Dungeon (3/12)

Altars:
Cheibriados
Sif Muna

Annotations:
D:3 Quickbrownfox's ghost, amateur DrAc


Innate Abilities, Weirdness & Mutations

((You have a pair of small antennae on your head.))
((Your flesh is cold resistant. (rC+)))


Message History

You are too injured to fight recklessly!
You are too injured to fight recklessly!
You are too injured to fight recklessly!
You are too injured to fight recklessly!
You feel very mighty all of a sudden.
Your transformation is almost over.
For a moment, Quickbrownfox's ghost blends into the shadows.
Quickbrownfox's ghost hits you but does no damage.
The big kobold hits you but does no damage.
You blink.
You release spores at the kobold!
You kill the kobold!
Sif Muna accepts your kill. The kobold misses you.
You barely miss the big kobold. The kobold closely misses you.
The kobold hits you but does no damage.
You release spores at the big kobold!
The big kobold is moderately wounded.
The big kobold hits you but does no damage.
Space bends around you.
You die...

..#..### #.#
###..###### #.#
).........# #.##
....##....# #..#
#...##....######.#####
#...#####.##..§)W....#
....# ###.##.##KK'##.#
.######.#.####KKKKK###
.####.#.#.# #≈K#f#)P#
........#.# #⌠.#.#.⌠#
........#.# #P.#.#.P#
........#.####..)..##
###)..#......##.!$**
......###.###.######
..#...# #.###..###.#
..#.### #..........#
....# #.##########


You could see 2 big kobolds, Quickbrownfox's ghost and 5 kobolds.

Vanquished Creatures
  A centaur (D:3)
  A hound skeleton (D:3)
  An adder (D:3)
  An ooze (D:2)
  A worm (D:2)
  A dart slug (D:1)
  7 leopard geckos
  3 orcs (D:3)
  6 bats
  4 giant cockroaches
  6 goblins
  5 hobgoblins
  A jackal (D:2)
  7 kobolds
  2 ball pythons
  A frilled lizard (D:3)
  9 rats
57 creatures vanquished.

Vanquished Creatures (collateral kills)
  A worm (D:3)
1 creature vanquished.

Vanquished Creatures (others)
  A plant (D:3)
1 creature vanquished.

Grand Total: 59 creatures vanquished

Notes
Turn   | Place    | Note
-------+----------+-------------------------------------------
     0 | D:1      | Freyura the Demonspawn Wizard began the quest for the Orb.
     0 | D:1      | Reached XP level 1. HP: 13/13 MP: 4/4
   189 | D:1      | Gained mutation: You have a pair of small antennae on your
                  | head. [demonic ancestry]
   189 | D:1      | Reached XP level 2. HP: 13/19 MP: 3/6
  1039 | D:2      | Reached XP level 3. HP: 24/24 MP: 7/7
  1428 | D:2      | Found a snail-covered altar of Cheibriados.
  1959 | D:3      | Learned a level 2 spell: Call Imp
  1986 | D:3      | Gained mutation: Your flesh is cold resistant. (rC+)
                  | [demonic ancestry]
  1986 | D:3      | Reached XP level 4. HP: 30/30 MP: 4/9
  2051 | D:3      | Found a faded altar of an unknown god.
  2328 | D:3      | Found a runed translucent gate.
  2328 | D:3      | Found a runed translucent gate.
  2337 | D:3      | Found a shimmering blue altar of Sif Muna.
  2354 | D:3      | Became a worshipper of Sif Muna the Loreminder
  2402 | D:3      | Noticed a centaur
  2418 | D:3      | Killed a centaur
  2418 | D:3      | Reached skill level 4 in Spellcasting
  2418 | D:3      | Reached XP level 5. HP: 3/35 MP: 9/11
  2650 | D:3      | Noticed Quickbrownfox's ghost (amateur DrAc)
  2653 | D:3      | Found a runed translucent gate.
  2687 | D:3      | Slain by a big kobold

Skill      XL: |  1  2  3  4 |
---------------+-------------+-----
Dodging        | 2 |  2.7
Conjurations   | 2 |  2.3
Stealth        | 3 |  3.0
Spellcasting   | 4 |  4.2
Summonings     | |  1.0
Translocations | |  0.8

Action                   |  1- 3 |  4- 6 || total
-------------------------+-------+-------++-------
Melee: Dagger            |    33 |    17 ||    50
       Unarmed           |       |    16 ||    16
 Cast: Magic Dart        |    95 |    29 ||   124
       Call Imp          |     1 |     1 ||     2
  Use: Scroll            |     6 |     3 ||     9
       Potion            |       |     3 ||     3
 Stab: Sleeping          |     1 |       ||     1
  Eat: Chunk             |     3 |     2 ||     5
Armor: Robe              |    14 |     7 ||    21
       Skin              |       |     7 ||     7
Dodge: Dodged            |    28 |    31 ||    59
